[Event "Late-Titled-Tuesday-Blitz-October-10-2023"]
[Site "Chess.com"]
[Date "2023.10.10"]
[Round "4"]
[White "Rile-Man"]
[Black "flukeyNZ"]
[Result "1-0"]
[WhiteElo "2535"]
[BlackElo "2252"]
[TimeControl "180+1"]
[EndTime "14:38:15 PDT"]
[Termination "Rile-Man won on time"]

1. d4 d5 2. c4 e6 3. Nf3 c5 4. Nc3 Nc6 5. cxd5 exd5 6. Bf4 Nf6 7. e3 cxd4 8. Nxd4 Qb6 9. Nxc6 bxc6 10. Qd2 Bb4 11. Bd3 c5 12. a3 Ba5 13. O-O O-O 14.
Qc2 c4 15. Bf5 Bxf5 16. Qxf5 Bxc3 17. bxc3 Qe6 18. Qe5 Qxe5 19. Bxe5 Ne4 20. f3 Nd2 21. Rfd1 Nb3 22. Rab1 Rfd8 23. Kf2 f6 24. Bg3 Kf7 25. Rb2 Rac8 26. h3 Rc6 27. e4 Ke6 28. exd5+ Rxd5 29. Re2+ Re5 30. Bxe5 fxe5 31. Rde1 Nc5 32. Rxe5+ Kf6 33. R5e4 Nd3+ 34. Ke2 Nxe1 35. Kxe1 Ra6 36. Rxc4 Rxa3 37. Kf2 h5 38. h4 g6 39. g4 hxg4 40. fxg4 a5 41.
Rc6+ Kg7 42. Kg3 Ra4 43. c4 Ra1 44. Kf4 Kh6 45. h5 Rf1+ 46. Kg3 Rg1+ 47. Kf3 Rf1+ 48. Kg2 Rf4 49. Kg3 Rd4 50. Rxg6+ Kh7 51. Rc6 a4 52.
Kh4 a3 53. Ra6 Rxc4 54. Rxa3 Kg7 55. Ra7+ Kf6 56. Ra6+ Kg7 57. Rd6 Rb4 58. Rd5 Kh7 59. Kg5 Rb8 60. Rd7+ Kg8 61. h6 Rb5+ 62. Kg6 Rb6+ 63.
Kh5 Rb1 64. g5 Rb6 65. Rg7+ Kh8 66. Ra7 Rxh6+ 67. gxh6 1-0

[Event "Late-Titled-Tuesday-Blitz-October-10-2023"]
[Site "Chess.com"]
[Date "2023.10.10"]
[Round "4"]
[White "RIPOL"]
[Black "Sacbutt"]
[Result "1-0"]
[WhiteElo "2436"]
[BlackElo "2190"]
[TimeControl "180+1"]
[EndTime "14:38:17 PDT"]
[Termination "RIPOL won on time"]

1. d4 e5 2. dxe5 d6 3. Nf3 Nc6 4. Bf4 Bg4 5. exd6 Qf6 6. Qc1 Bxd6 7. Bxd6 Qxd6 8. Qd2 Qc5 9. Nc3 Rd8 10. Qe3+ Qxe3 11. fxe3 Nb4 12. Rc1 Nf6 13. a3 Nbd5 14. Nxd5 Nxd5 15.
Kf2 O-O 16. h3 Bh5 17. e4 Nf6 18. e5 Ne4+ 19. Ke3 Ng3 20. Rg1 Rfe8 21. Kf4 Nxf1 22. Rgxf1 Bxf3 23. Rxf3 Rd4+ 24. e4 g5+ 25. Ke3 Rc4 26. Rf5 h6 27. Kd3 Rc6 28. c4 Rce6 29. Kd4 Rd8+ 30. Kc3 Rde8 31. Kd4 Rd8+ 32. Kc3 Rde8 33.
Rcf1 R8e7 34. Kd4 Kg7 35. h4 gxh4 36. R1f4 Rd7+ 37. Ke3 Rde7 38. Rg4+ Kf8 39. Kf4 Rc6 40. b3 a6 41. Rxh4 b5 42. Rf6 Ree6 43. Rhxh6 Kg8 44. Rxe6 fxe6 45. cxb5 axb5 46. a4 bxa4 47. bxa4 Kg7 48. Rf6 Ra6 49. a5 c5 50. g4 c4 51. Ke3 Rxa5 52.
Kd4 c3 53. Rf3 c2 54. Rc3 Ra2 55. Kd3 Ra5 56. Rxc2 Rxe5 57. Kd4 Rg5 58. Rg2 Kf6 59. Ke3 Ke5 60. Rg3 Rg6 61. g5 Rg7 62. g6 Kf6 63. Kf4 Rxg6 64. e5+ Kf7 65. Ra3 Rh6 66. Ra7+ Ke8 67. Kg5 Rh1 68. Kf6 Rh6+ 69. Kg5 Rh1 70. Rb7 Kd8 71. Kf6 Rh6+ 72. Kg5 Rh1 73. Rf7 Re1 74. Kf6 1-0

[Event "Late-Titled-Tuesday-Blitz-October-10-2023"]
[Site "Chess.com"]
[Date "2023.10.10"]
[Round "4"]
[White "IlanSchnaider"]
[Black "Semetey"]
[Result "0-1"]
[WhiteElo "2774"]
[BlackElo "2544"]
[TimeControl "180+1"]
[EndTime "14:38:19 PDT"]
[Termination "Semetey won by checkmate"]

1. e4 c5 2. Nf3 Nc6 3. Bb5 e6 4. O-O Nge7 5. c3 a6 6. Ba4 c4 7. Re1 b5 8. Bc2 Bb7 9. d4 cxd3 10. Qxd3 d6 11. Bf4 Ng6 12. Bg3 Qc7 13. Nbd2 Be7 14. Nb3 O-O 15. Rad1 Rfd8 16. h4 Nce5 17. Qe2 Nxf3+ 18.
Qxf3 Nxh4 19. Bxh4 Bxh4 20. Qh5 Bf6 21. Qh3 g6 22.
Re3 d5 23. exd5 Bxd5 24. Rde1 Qf4 25. Nc5 Qh4 26. Ne4 Be7 27. Qxh4 Bxh4 28. Rh3 Be7 29. b3 Rac8 30. Rhe3 Kg7 31. a4 bxa4 32. bxa4 Rc4 33. g3 Rb8 34. Nd2 Rc5 35. c4 Bxc4 36.
Rc3 Bd5 37. Rxc5 Bxc5 38. Be4 Rb2 39. Rd1 Rxd2 40. Rxd2 Bxe4 41. Rd7 a5 42. Rc7 Bb4 43. Rc4 Bd5 44. Rc1 Bb3 45. Ra1 e5 46. f3 f5 47. Kg2 h5 48. Kf2 Kf6 49. Ke3 g5 50. Ke2 h4 51. gxh4 gxh4 52. Kf2 Kg5 53. Kg2 Kf4 54.
Kh3 Kxf3 55. Rf1+ Ke4 56. Kxh4 Bxa4 57. Kg3 Bb5 58. Rb1 f4+ 59. Kf2 Bc5+ 60. Ke1 Bd3 61.
Rb2 a4 62. Ra2 Bb5 63. Rb2 Bc4 64. Rc2 Bb4+ 65. Kf2 Bb3 66. Re2+ Kf5 67. Rb2 e4 68. Ke2 Kg4 69. Rb1 Kf5 70. Rh1 a3 71. Rb1 Bc4+ 72. Kf2 Bc5+ 73. Ke1 a2 74. Ra1 Bd4 75. Rd1 a1=Q 76.
Rxa1 Bxa1 77. Kf2 Bd4+ 78. Kg2 f3+ 79. Kg3 Kg5 80. Kh2 Kg4 81. Kh1 Bf1 82. Kh2 Bh3 83. Kh1 Kf4 84. Kh2 Bg4 85. Kh1 e3 86. Kh2 e2 87. Kh1 e1=Q+ 88. Kh2 Qg1# 0-1

[Event "Late-Titled-Tuesday-Blitz-October-10-2023"]
[Site "Chess.com"]
[Date "2023.10.10"]
[Round "4"]
[White "NFChess13"]
[Black "nicholas_ilic"]
[Result "1/2-1/2"]
[WhiteElo "2633"]
[BlackElo "2313"]
[TimeControl "180+1"]
[EndTime "14:38:20 PDT"]
[Termination "Game drawn by repetition"]

1. d4 Nf6 2. c4 e6 3. Nf3 Bb4+ 4.
Nbd2 d5 5. Qa4+ Nc6 6. a3 Bxd2+ 7. Bxd2 Ne4 8. e3 Nxd2 9. Nxd2 O-O 10. Bd3 e5 11.
cxd5 Qxd5 12. Be4 Qd7 13. Bxc6 bxc6 14. dxe5 Qd3 15. Qc4 Qxc4 16. Nxc4 Ba6 17. Rc1 Rab8 18. O-O Rfd8 19. Rfe1 h6 20. b4 Rd3 21. Na5 Rxa3 22. Nxc6 Rb5 23. Nxa7 Rxb4 24. Rxc7 Rb2 25. Rcc1 Raa2 26.
Ra1 Rxf2 27. Rxa2 Rxa2 28. Rc1 Bb7 29. Nc6 Re2 30. Rc5 Rxe3 31. Kf2 Re4 32. Nd8 Rf4+ 33.
Kg3 Rb4 34. e6 Rb3+ 35. Kf4 fxe6 36. Nxe6 Bxg2 37. Rc7 Rf3+ 38. Ke5 Rf7 39. Rc8+ Kh7 40. Nf8+ Kg8 41. Ne6+ Kh7 42. Rd8 Kg6 43. Nf4+ Kg5 44. Nxg2 Rf2 45. h4+ Kg4 46. Rd4+ Kf3 47. Ne1+ Kg3 48.
Rd7 Re2+ 49. Kf5 Rxe1 50. h5 Kh4 51. Rxg7 Kxh5 52. Rg2 Rf1+ 53. Ke4 Kh4 54. Rh2+ Kg5 55. Rg2+ Kh5 56. Ke3 Rf6 57. Ke4 Kh4 58. Ke5 Ra6 59. Kf4 Kh3 60. Rg3+ Kh2 61. Rg8 h5 62. Kg5 Ra5+ 63. Kh4 Rb5 64. Rc8 Ra5 65. Rc2+ Kg1 66. Kh3 Ra3+ 67. Kh4 Ra5 68. Rc4 Rb5 69. Rc2 Ra5 1/2-1/2

[Event "Late-Titled-Tuesday-Blitz-October-10-2023"]
[Site "Chess.com"]
[Date "2023.10.10"]
[Round "4"]
[White "djano"]
[Black "Elsa167"]
[Result "0-1"]
[WhiteElo "2683"]
[BlackElo "2926"]
[TimeControl "180+1"]
[EndTime "14:38:23 PDT"]
[Termination "Elsa167 won on time"]

1. e4 c5 2. Nc3 d6 3. f4 Nc6 4. Nf3 g6 5. Bc4 Bg7 6. O-O e6 7. d4 cxd4 8. Nb5 Nge7 9. Bb3 O-O 10. Nbxd4 Nxd4 11. Nxd4 Nc6 12. c3 Nxd4 13. cxd4 Qb6 14. Be3 e5 15. Kh1 exd4 16. Bg1 Be6 17. f5 Bxb3 18.
axb3 Be5 19. Ra4 Rac8 20. Bxd4 Bxd4 21. Rxd4 Rc1 22. Qxc1 Qxd4 23. f6 Kh8 24. Qf4 Rc8 25. Qh6 Rg8 26. Qf4 Qxb2 27. Qxd6 Qxb3 28. e5 Re8 29. Qd7 Qe6 30. Qxb7 Kg8 31. Qxa7 Qxe5 32. h3 h5 33. Qf2 Re6 34. Qf3 Qe4 35. Qf2 Qe3 36. Qa2 Re8 37. Qa4 Rf8 38. Qh4 Qh6 39.
Qb4 Re8 40. Qb5 Qf8 41. Qb2 Rd8 42. Qc1 Rd6 43. Qf4 Re6 44. Qg5 Qd8 45. Qf4 Qd6 46. Qf3 Qf8 47. Qf4 Qe8 48. Qf2 Re5 49. Qf3 Re1 50. Qf2 Rxf1+ 51. Qxf1 Kh7 52. Qf4 Qe6 53. h4 Qf5 54. Qg5 Qxg5 55. hxg5 Kg8 56. Kh2 Kf8 57. Kg3 Ke8 58. Kf4 Kd7 59. Ke3 Ke6 60. Ke4 h4 61.
Kf4 Kd5 62. Kg4 Ke4 63. Kxh4 Kf4 64. g3+ Kf5 65. g4+ Kf4 66. Kh3 Kxg5 67. Kg3 Kxf6 68.
Kf4 g5+ 69. Ke4 Ke6 70. Kf3 Kd5 71. Ke3 Ke5 72. Kf3 Kd4 73. Kf2 Ke4 74. Kg3 Ke3 75. Kg2 Kf4 0-1

[Event "Late-Titled-Tuesday-Blitz-October-10-2023"]
[Site "Chess.com"]
[Date "2023.10.10"]
[Round "4"]
[White "kaanadayhamle"]
[Black "Aygehovit1992"]
[Result "1/2-1/2"]
[WhiteElo "2463"]
[BlackElo "2688"]
[TimeControl "180+1"]
[EndTime "14:38:36 PDT"]
[Termination "Game drawn - insufficient material"]

1. Nf3 Nf6 2. g3 b5 3. Bg2 Bb7 4. O-O e6 5. a4 b4 6. c3 bxc3 7.
Nxc3 c5 8. Qb3 Qc8 9. d3 Be7 10. Be3 d5 11. Bf4 O-O 12. Nb5 Ne8 13. Rac1 Nd7 14.
Qc2 a6 15. Nc3 Bc6 16. Rfd1 Qb7 17. e4 d4 18. Ne2 Rc8 19. g4 f6 20. Bg3 e5 21.
Nd2 g5 22. Nc4 Ng7 23. Na5 Qa8 24. Qc4+ Kh8 25. Nxc6 Qxc6 26. a5 Qb5 27. b3 Nb8 28. f3 Nc6 29. Be1 Rb8 30. Rb1 Bd8 31. Rdc1 Bxa5 32.
Bxa5 Nxa5 33. Qxc5 Qxc5 34. Rxc5 Nxb3 35. Rc6 a5 36. Ra6 Kg8 37. Bf1 Nc5 38. Rxb8 Rxb8 39. Rxa5 Nxd3 40. Nxd4 Ne1 41. Kf2 exd4 42. Kxe1 Rb1+ 43.
Kf2 Rb2+ 44. Kg3 Kf8 45. Bc4 Ne8 46. Ra8 Ke7 47. Ra7+ Kd6 48. Rxh7 Kc5 49. Bd3 Kb4 50. Rb7+ Kc3 51. Rxb2 Kxb2 52. Kf2 Kc3 53. Ke2 Nc7 54.
h4 gxh4 55. f4 Ne6 56. Ba6 Nxf4+ 57. Kf3 h3 58. Kg3 Ne6 59. Kxh3 Ng5+ 60. Kg3 Nxe4+ 61. Kf4 Nc5 62. Be2 Kd2 63. Bf3 d3 64. Kf5 Ke3 65. Bd1 Nd7 66. Ke6 Nc5+ 67. Kxf6 Ne4+ 68. Kf5 Nc3 69.
Bb3 Kd4 70. g5 Kc5 71. g6 Kb4 72. g7 Kxb3 73. g8=Q+ Kc2 74. Qc4 d2 75. Qd4 d1=Q 76.
Qxd1+ Nxd1 1/2-1/2

[Event "Late-Titled-Tuesday-Blitz-October-10-2023"]
[Site "Chess.com"]
[Date "2023.10.10"]
[Round "4"]
[White "AungTZ"]
[Black "BulteniBo"]
[Result "1-0"]
[WhiteElo "2059"]
[BlackElo "2521"]
[TimeControl "180+1"]
[EndTime "14:39:02 PDT"]
[Termination "AungTZ won by resignation"]

1. e4 g6 2. d4 Bg7 3. Nc3 d6 4. f4 Nf6 5. Nf3 O-O 6. Bd3 c5 7. dxc5 dxc5 8. O-O Nc6 9. Kh1 Nd4 10. Nxd4 cxd4 11. Ne2 Ng4 12. Qe1 f5 13. e5 Be6 14.
h4 h5 15. Ng1 Bd5 16. Nf3 Bxf3 17. gxf3 Nh6 18. Rg1 Kh7 19. Qg3 Qb6 20. Bd2 Rac8 21. Bb4 Rf7 22. Rae1 Qe6 23. b3 Bf8 24. Bc4 Rxc4 25.
bxc4 Rg7 26. Rg2 Qxc4 27. Ba3 Qxa2 28. Bc1 Qd5 29. Reg1 e6 30. Qf2 Bc5 31. Qe2 Ng8 32. Rg5 Ne7 33. Qg2 d3 34. Rd1 Qc4 35. Rxd3 Nd5 36.
Rd1 Nxf4 37. Bxf4 Qxf4 38. Qg3 Qxg3 39. Rxg3 a5 40. f4 a4 41. Rc3 b6 42. Kg2 a3 43.
Kf3 a2 44. Rb3 Ra7 45. Ra1 Ra4 46. Rb2 Ra3+ 47. Kg2 Bd4 48. Rbxa2 Re3 49. Rf1 Re2+ 50. Kf3 Re3+ 51. Kg2 b5 52. Rf3 Re2+ 53. Kg3 Re1 54. Kg2 Rg1+ 55. Kh2 Rg4 56. Kh3 Rg1 57. c3 Bc5 58.
Rg2 Rc1 59. Rfg3 Be7 60. Rxg6 Rxc3+ 61. Kh2 Bf8 62. Rxe6 b4 63. Rb6 b3 64. Rg5 Rc2+ 65. Kh3 b2 66. Rxh5+ Kg7 67. Rxf5 Ba3 68. Rg5+ Kf7 69. Rh5 Rc1 70. Rh7+ Kg8 71. Rhb7 Rc3+ 72. Kg4 Rc2 73. e6 Bf8 74. f5 Rg2+ 75. Kf3 Rc2 76.
f6 Bc5 77. Rb5 Rc3+ 78. Ke4 Rc2 79. Rxb2 1-0

[Event "Late-Titled-Tuesday-Blitz-October-10-2023"]
[Site "Chess.com"]
[Date "2023.10.10"]
[Round "5"]
[White "miraitrunks"]
[Black "SHIVACalypso"]
[Result "1-0"]
[WhiteElo "2241"]
[BlackElo "2439"]
[TimeControl "180+1"]
[EndTime "14:47:18 PDT"]
[Termination "miraitrunks won by resignation"]

1. e4 c6 2. d4 d5 3. exd5 cxd5 4. c4 Nf6 5. Nc3 Nc6 6. Nf3 Bg4 7. cxd5 Nxd5 8. Qb3 Nxc3 9. bxc3 Bxf3 10. gxf3 Qc7 11. Bf4 e5 12. dxe5 Nxe5 13. Qb5+ Kd8 14.
Qxe5 Qb6 15. Rd1+ Kc8 16. Qe8+ 1-0

[Event "Late-Titled-Tuesday-Blitz-October-10-2023"]
[Site "Chess.com"]
[Date "2023.10.10"]
[Round "5"]
[White "jaskol95"]
[Black "ItalianMachine"]
[Result "1-0"]
[WhiteElo "2574"]
[BlackElo "2409"]
[TimeControl "180+1"]
[EndTime "14:48:09 PDT"]
[Termination "jaskol95 won by resignation"]

1. e4 e5 2. Nf3 Nc6 3. Bc4 Nf6 4. Ng5 d5 5. exd5 Na5 6. Bb5+ c6 7. dxc6 bxc6 8.
Bd3 Nd5 9. h4 h6 10. Qh5 g6 11.
Bxg6 fxg6 12. Qxg6+ Kd7 13. Nf7 Qe7 14. Nxh8 Bg7 15. Nf7 Nf4 16. Qxg7 1-0

[Event "Late-Titled-Tuesday-Blitz-October-10-2023"]
[Site "Chess.com"]
[Date "2023.10.10"]
[Round "5"]
[White "Ali_rastbod"]
[Black "kaanadayhamle"]
[Result "1-0"]
[WhiteElo "2748"]
[BlackElo "2460"]
[TimeControl "180+1"]
[EndTime "14:48:13 PDT"]
[Termination "Ali_rastbod won by resignation"]

1. Nf3 Nf6 2. g3 d5 3. Bg2 Bf5 4. d3 c6 5. Nbd2 e6 6. O-O h6 7.
Re1 Be7 8. b3 O-O 9. Bb2 Nbd7 10. e4 Bh7 11. h3 Qb6 12. Qe2 Rfe8 13. Kh2 Nf8 14. a4 a5 15. e5 N6d7 16. h4 Bf5 17. Bh3 Bxh3 18. Kxh3 Ng6 19. h5 Ngf8 20. g4 f6 21. exf6 Bxf6 22. Bxf6 Nxf6 23. Ne5 Qd4 24. Ndf3 Qf4 25. Qe3 Qxe3 26. Rxe3 N8d7 27. Rae1 Nxe5 28. Rxe5 Kf7 29. Nd4 Nh7 30. f4 Nf8 31. Kg3 c5 32. Nb5 Rad8 33. f5 exf5 34. Rxe8 Rxe8 35. Nd6+ 1-0

[Event "Late-Titled-Tuesday-Blitz-October-10-2023"]
[Site "Chess.com"]
[Date "2023.10.10"]
[Round "5"]
[White "IPAchess"]
[Black "Alina_Gumerovna"]
[Result "1-0"]
[WhiteElo "2375"]
[BlackElo "2136"]
[TimeControl "180+1"]
[EndTime "14:48:22 PDT"]
[Termination "IPAchess won by resignation"]

1. d4 d5 2. c4 e6 3. Nf3 Nf6 4. Nc3 c6 5. Bg5 Be7 6. e3 O-O 7. Bd3 h6 8. Bh4 Nbd7 9. O-O b6 10. Re1 Bb7 11. e4 dxe4 12. Nxe4 c5 13. dxc5 Nxc5 14.
Nxc5 Bxc5 15. Qe2 Be7 16. Rad1 Qc7 17. Bg3 Qc6 18. b3 Rfd8 19. Qe3 Bc5 20. Qe5 Ng4 21. Qf4 Nf6 22. Bf1 Nh5 23. Qc7 Nxg3 24. Rxd8+ Rxd8 25. Qxd8+ Kh7 26. hxg3 1-0

[Event "Late-Titled-Tuesday-Blitz-October-10-2023"]
[Site "Chess.com"]
[Date "2023.10.10"]
[Round "5"]
[White "nihalsarin"]
[Black "lamomiajunior"]
[Result "1-0"]
[WhiteElo "3107"]
[BlackElo "2738"]
[TimeControl "180+1"]
[EndTime "14:48:26 PDT"]
[Termination "nihalsarin won by resignation"]

1. d4 Nf6 2. Nf3 d5 3. Bg5 Ne4 4. Bh4 c5 5. e3 Nc6 6. Nbd2 Qb6 7.
c4 Nxd2 8. Qxd2 cxd4 9. cxd5 e6 10. a3 dxe3 11. fxe3 exd5 12. Bd3 Be6 13. O-O Bc5 14. Bf2 h6 15. b4 Bd6 16. e4 Qd8 17. exd5 Bxd5 18.
Rae1+ Ne7 19. Bb5+ Bc6 20. Bxc6+ bxc6 21. Rd1 Nd5 22.
b5 Bf4 23. Rfe1+ Kf8 24. Qd3 Bc7 25. bxc6 Ne7 26. Qe4 Qe8 27. Rd7 1-0

[Event "Late-Titled-Tuesday-Blitz-October-10-2023"]
[Site "Chess.com"]
[Date "2023.10.10"]
[Round "5"]
[White "Lion-Al-Messi"]
[Black "Mikhal867"]
[Result "1-0"]
[WhiteElo "2631"]
[BlackElo "2461"]
[TimeControl "180+1"]
[EndTime "14:48:30 PDT"]
[Termination "Lion-Al-Messi won by checkmate"]

1. e4 g6 2. d4 Bg7 3. Nc3 d6 4.
Be3 a6 5. h4 h5 6. Qd2 Nd7 7. Nf3 Ngf6 8. Ng5 Ng4 9. Bc4 e6 10.
Bxe6 fxe6 11. Nxe6 Qf6 12. Nd5 Qf7 13. Nexc7+ Kf8 14. Nxa8 Nxe3 15. fxe3 Kg8 16. Rf1 Qe6 17. Nac7 Qg4 18. Ne8 Qxh4+ 19. Qf2 Qxf2+ 20. Rxf2 Bh6 21.
Ne7+ Kh7 22. Rf7+ Bg7 23. Rxg7+ Kh6 24. Rxg6+ Kh7 25. Rg7+ Kh6 26. Nf5# 1-0

[Event "Late-Titled-Tuesday-Blitz-October-10-2023"]
[Site "Chess.com"]
[Date "2023.10.10"]
[Round "5"]
[White "flukeyNZ"]
[Black "cthake"]
[Result "1-0"]
[WhiteElo "2255"]
[BlackElo "1957"]
[TimeControl "180+1"]
[EndTime "14:48:34 PDT"]
[Termination "flukeyNZ won by resignation"]

1. d4 Nf6 2. c4 c5 3. d5 d6 4. Nc3 g6 5. e4 Bg7 6. Bg5 O-O 7. Nf3 e6 8. Nd2 exd5 9. cxd5 Re8 10. Be2 a6 11. a4 Nbd7 12. O-O Rb8 13. a5 b5 14. axb6 Rxb6 15. Nc4 Rb4 16. Nxd6 Rf8 17. Nc4 Qc7 18. d6 Qc6 19. e5 Ne8 20. Nd5 Nxe5 21. Ne7+ 1-0

[Event "Late-Titled-Tuesday-Blitz-October-10-2023"]
[Site "Chess.com"]
[Date "2023.10.10"]
[Round "5"]
[White "IngOscarArdila"]
[Black "HajiyevKanan"]
[Result "0-1"]
[WhiteElo "2314"]
[BlackElo "2560"]
[TimeControl "180+1"]
[EndTime "14:48:40 PDT"]
[Termination "HajiyevKanan won by resignation"]

1. d4 d5 2. c4 c6 3. Nc3 Nf6 4.
Bf4 a6 5. cxd5 cxd5 6. Nf3 Nc6 7. e3 Bg4 8. Be2 e6 9. O-O Bd6 10. Bxd6 Qxd6 11. a3 O-O 12. Rc1 Rac8 13. h3 Bh5 14.
Na4 Ne4 15. Nc5 Nxc5 16. dxc5 Qe7 17. Nd4 Bxe2 18. Nxc6 Rxc6 19. Qxe2 Rxc5 20. Qd2 Rfc8 21. Rxc5 Qxc5 22. Kh2 g6 23. h4 h5 24. Qe2 Qc2 25. Qf3 Qxb2 26. g4 Rc4 27. gxh5 Rxh4+ 28. Kg3 Rxh5 29. Kg2 Qxa3 30. Qg3 e5 31. Qg4 Qe7 32. Qc8+ Kg7 33. Kf3 e4+ 34. Ke2 Qb4 35. Rc1 Qb5+ 36. Ke1 Rh1+ 0-1

[Event "Late-Titled-Tuesday-Blitz-October-10-2023"]
[Site "Chess.com"]
[Date "2023.10.10"]
[Round "5"]
[White "Ykow"]
[Black "Mariia89"]
[Result "1-0"]
[WhiteElo "2512"]
[BlackElo "2076"]
[TimeControl "180+1"]
[EndTime "14:48:59 PDT"]
[Termination "Ykow won by resignation"]

1. g4 c5 2. Bg2 Nc6 3. c4 g5 4. h4 e6 5. hxg5 Qxg5 6. Bf3 Qg7 7.
Nc3 Nf6 8. e3 Ne5 9. Be2 Nfxg4 10. d4 cxd4 11. exd4 Nxf2 12. Kxf2 Qf6+ 13. Ke1 Nc6 14.
Nf3 Bd6 15. Ne4 Bb4+ 16. Kf1 Qf5 17. Bd3 Qg4 18. Nf6+ 1-0

[Event "Late-Titled-Tuesday-Blitz-October-10-2023"]
[Site "Chess.com"]
[Date "2023.10.10"]
[Round "5"]
[White "IMGC"]
[Black "Mikhail_Golubev"]
[Result "0-1"]
[WhiteElo "2405"]
[BlackElo "2602"]
[TimeControl "180+1"]
[EndTime "14:49:05 PDT"]
[Termination "Mikhail_Golubev won by resignation"]

1. d4 Nf6 2. Nf3 g6 3. e3 Bg7 4. Be2 O-O 5. O-O d6 6. c4 Nbd7 7. Nc3 e5 8. b4 exd4 9. exd4 Re8 10. Bb2 d5 11. c5 Nf8 12. Qb3 Bf5 13. Rfe1 Ne6 14.
Rad1 Nf4 15. Bf1 Ne4 16. g3 Bg4 17. Nxe4 dxe4 18. Ne5 Bxe5 19. dxe5 Bxd1 20. Rxd1 Nd3 21. Bxd3 exd3 22. Rxd3 Qe7 23. e6 Qxe6 24. Qc3 Qe1+ 25.
Kg2 Qxc3 26. Bxc3 Rad8 0-1

[Event "Late-Titled-Tuesday-Blitz-October-10-2023"]
[Site "Chess.com"]
[Date "2023.10.10"]
[Round "5"]
[White "Andrei_Skvortsov"]
[Black "Superfelix"]
[Result "1-0"]
[WhiteElo "2668"]
[BlackElo "2480"]
[TimeControl "180+1"]
[EndTime "14:49:10 PDT"]
[Termination "Andrei_Skvortsov won by resignation"]

1. e4 c5 2. d4 cxd4 3. Qxd4 Nc6 4. Qd3 g6 5. Nc3 Bg7 6. Nf3 d6 7. Be2 Nf6 8. O-O O-O 9. Nd5 Nd7 10. c3 f5 11.
exf5 Nc5 12. Qd1 Bxf5 13. Bg5 Qd7 14. Bb5 e6 15. Ne7+ Kh8 16. Nxf5 Rxf5 17. Be3 a6 18. Be2 Raf8 19. Re1 Ne5 20. Nxe5 Bxe5 21. Bxc5 Bxh2+ 22. Kxh2 Rxc5 23. Bg4 Rxf2 24. Rxe6 Rc4 25. Bh3 d5 26. Qe1 Rcf4 1-0

[Event "Late-Titled-Tuesday-Blitz-October-10-2023"]
[Site "Chess.com"]
[Date "2023.10.10"]
[Round "5"]
[White "Dhaydon19"]
[Black "arminmusovic"]
[Result "1-0"]
[WhiteElo "2782"]
[BlackElo "2506"]
[TimeControl "180+1"]
[EndTime "14:49:14 PDT"]
[Termination "Dhaydon19 won by checkmate"]

1. d4 d5 2. c4 c5 3. dxc5 e6 4. cxd5 Bxc5 5. Nc3 Nf6 6. Nf3 exd5 7. e3 O-O 8. Be2 Nc6 9. O-O a6 10. a3 Re8 11. b4 Ba7 12. b5 axb5 13. Nxb5 Bb8 14. Bb2 Be6 15. Rc1 Ne4 16. Nbd4 Bd7 17. Nb5 h6 18.
Qxd5 Nf6 19. Bxf6 gxf6 20. Rfd1 Be6 21. Qh5 Qe7 22. Qxh6 Ra4 23. Nfd4 Nxd4 24. Nxd4 Rxa3 25. Bb5 Rc8 26. Nxe6 Rxc1 27. Qg7# 1-0

[Event "Late-Titled-Tuesday-Blitz-October-10-2023"]
[Site "Chess.com"]
[Date "2023.10.10"]
[Round "5"]
[White "Dontmesswithme_2"]
[Black "NelsonLinda"]
[Result "0-1"]
[WhiteElo "2416"]
[BlackElo "2585"]
[TimeControl "180+1"]
[EndTime "14:49:27 PDT"]
[Termination "NelsonLinda won by resignation"]

1. d4 Nf6 2. c4 c5 3. d5 b5 4.
cxb5 a6 5. bxa6 e6 6. dxe6 fxe6 7. Nc3 d5 8. g3 Bxa6 9. Bg2 Be7 10. Nf3 Nc6 11.
O-O O-O 12. Re1 Rc8 13. e4 d4 14. e5 dxc3 15. exf6 Qxd1 16. Rxd1 Bxf6 17. bxc3 Bxc3 18. Rb1 Be2 19. Rd6 Bxf3 20. Bh3 Nd4 21. Be3 Bd5 0-1

[Event "Late-Titled-Tuesday-Blitz-October-10-2023"]
[Site "Chess.com"]
[Date "2023.10.10"]
[Round "5"]
[White "traack"]
[Black "TheMagician"]
[Result "0-1"]
[WhiteElo "2391"]
[BlackElo "2216"]
[TimeControl "180+1"]
[EndTime "14:49:36 PDT"]
[Termination "TheMagician won by resignation"]

1. e4 e5 2. Nf3 Nc6 3. Bb5 Nf6 4. O-O Nxe4 5. Re1 Nd6 6. a4 Be7 7. Nxe5 Nxe5 8. Rxe5 Nxb5 9. axb5 O-O 10. d4 Bf6 11.
Re1 d5 12. Bf4 c6 13. Nc3 Qb6 14. Be5 Bxe5 15. Rxe5 Bd7 16. Qd3 Rae8 17. Rh5 h6 18. Rd1 Re6 19. Qg3 Rg6 20. Qe5 Bg4 21. bxc6 bxc6 22. Na4 Qb5 23. Nc3 Qxb2 0-1

[Event "Late-Titled-Tuesday-Blitz-October-10-2023"]
[Site "Chess.com"]
[Date "2023.10.10"]
[Round "5"]
[White "TanitoluwaAps116"]
[Black "Zhigalko_Sergei"]
[Result "0-1"]
[WhiteElo "2694"]
[BlackElo "2898"]
[TimeControl "180+1"]
[EndTime "14:49:41 PDT"]
[Termination "Zhigalko_Sergei won on time"]

1. e4 c5 2. Nf3 Nc6 3. Bb5 Nf6 4. e5 Nd5 5. O-O Nc7 6. Bxc6 dxc6 7. d3 h6 8. h3 Bf5 9. Nc3 Ne6 10. Be3 g5 11. Nd2 Bg7 12. f4 gxf4 13. Nb3 c4 14. Nd4 Nxd4 15.
Rxf4 Bxe5 16. Bxd4 Bxd4+ 17. Kh1 Bg6 18. Qg4 Bxc3 19. bxc3 cxd3 0-1

[Event "Late-Titled-Tuesday-Blitz-October-10-2023"]
[Site "Chess.com"]
[Date "2023.10.10"]
[Round "5"]
[White "GMG"]
[Black "YouShallNotPass001"]
[Result "1-0"]
[WhiteElo "2720"]
[BlackElo "2416"]
[TimeControl "180+1"]
[EndTime "14:49:46 PDT"]
[Termination "GMG won by checkmate"]

1. Nf3 Nf6 2. g3 e6 3. c4 d5 4.
Bg2 a6 5. b3 Be7 6. Bb2 O-O 7.
O-O b5 8. Qc2 Bb7 9. c5 c6 10.
d4 Nbd7 11. Nbd2 Qc7 12. b4 a5 13. a3 Rfe8 14. h3 Bf8 15. Ne5 Nxe5 16. dxe5 Nd7 17. f4 axb4 18. axb4 Rxa1 19. Bxa1 g6 20. Nf3 Ra8 21. g4 Ra4 22. Bc3 Qb8 23. f5 Nxc5 24. bxc5 Bxc5+ 25. Kh1 d4 26. Bd2 Rc4 27. Qe4 Bb6 28.
fxe6 fxe6 29. Ng5 Qe8 30. Nf7 d3 31. Qf3 dxe2 32. Nh6+ Kg7 33. Qf6# 1-0

[Event "Late-Titled-Tuesday-Blitz-October-10-2023"]
[Site "Chess.com"]
[Date "2023.10.10"]
[Round "5"]
[White "ValeriyGrinev"]
[Black "Vegan4future"]
[Result "0-1"]
[WhiteElo "2575"]
[BlackElo "2434"]
[TimeControl "180+1"]
[EndTime "14:49:46 PDT"]
[Termination "Vegan4future won by resignation"]

1. d4 d5 2. c4 c6 3. cxd5 cxd5 4. Bf4 Nf6 5. e3 Nc6 6. Nc3 a6 7. Bd3 Bg4 8. Qb3 Na5 9. Qc2 Rc8 10. Nf3 Bxf3 11.
gxf3 e6 12. O-O Bd6 13. Bxd6 Qxd6 14. f4 O-O 15. Qe2 Nc4 16. Bxc4 Rxc4 17. Kh1 b5 18. a3 Rb8 19. Na2 a5 20. Nc1 Rbc8 21. Nb3 Rc2 22. Qxb5 Rxb2 23. Rac1 Rb8 24. Rc6 Qd8 25. Qa6 R2xb3 26. Rfc1 Rb1 27. Rxb1 Rxb1+ 28. Kg2 Rb8 29. f5 exf5 30. Rd6 Qe7 31. Rc6 Qe4+ 32.
Kf1 Rb1+ 33. Ke2 Rb2+ 34. Kd1 h6 0-1

[Event "Late-Titled-Tuesday-Blitz-October-10-2023"]
[Site "Chess.com"]
[Date "2023.10.10"]
[Round "5"]
[White "rikchessmx"]
[Black "dorpato"]
[Result "0-1"]
[WhiteElo "2314"]
[BlackElo "2072"]
[TimeControl "180+1"]
[EndTime "14:49:53 PDT"]
[Termination "dorpato won by checkmate"]

1. e4 c5 2. Nf3 d6 3. d4 cxd4 4.
Nxd4 Nf6 5. Nc3 a6 6. f4 e6 7. Bd3 Be7 8. Qf3 Nc6 9. Be3 Bd7 10.
Nb3 b5 11. a3 Rb8 12. O-O O-O 13. g4 Ne8 14. g5 e5 15. h4 exf4 16. Bxf4 Ne5 17. Bxe5 dxe5 18. Kg2 f6 19. gxf6 Rxf6 20. Qe3 Rg6+ 21. Kh1 Bxh4 22. Nd5 Nf6 23. c4 Nxd5 24. exd5 Bg3 25. Bxg6 Qh4+ 26. Kg2 Bh3+ 27. Kf3 Qg4# 0-1

[Event "Late-Titled-Tuesday-Blitz-October-10-2023"]
[Site "Chess.com"]
[Date "2023.10.10"]
[Round "5"]
[White "FERNANDEZL1983"]
[Black "micke12a"]
[Result "0-1"]
[WhiteElo "2530"]
[BlackElo "2367"]
[TimeControl "180+1"]
[EndTime "14:50:03 PDT"]
[Termination "micke12a won by resignation"]

1. d4 Nf6 2. Bf4 g6 3. Nc3 d5 4.
e3 Bg7 5. Nf3 O-O 6. h3 c6 7.
Ne5 Nfd7 8. Nf3 Re8 9. Bg5 h6 10. Bh4 Qa5 11. Be2 e5 12. dxe5 Nxe5 13. Nxe5 Bxe5 14.
O-O Qb4 15. f4 Bg7 16. Bf2 Qxb2 17. Na4 Qa3 18. c3 b5 19. Bxb5 cxb5 20. Qxd5 Qxa4 21. Qxa8 Be6 22. Rac1 Qxa2 23. e4 Bd7 24. Ra1 Qc4 25. e5 Bc6 26. Qxa7 Qe4 0-1